 Dungeon Crawl Stone Soup version 0.29-a0-823-gc37b1572da (webtiles) character file.

Game seed: 3752753715523852592

16804 iguanaiguana the Martial Artist (level 12, -24/121 HPs)
             Began as a Grey Draconian Transmuter on July 9, 2022.
             Was an Elder of Sif Muna.
             Annihilated by a reaper
             ... wielding a +4 scythe of freezing
              (36 damage)
             ... in an ice cave.
             The game lasted 00:51:32 (16840 turns).

iguanaiguana the Martial Artist (DrTm)             Turns: 16840, Time: 00:51:32

Health: -24/121    AC:  8    Str: 13    XL:     12   Next: 13%
Magic:  12/19      EV: 12    Int: 17    God:    Sif Muna [****..]
Gold:   559        SH:  0    Dex: 13    Spells: 8/20 levels left

rFire   . . .      SeeInvis .     - Unarmed
rCold   + + +      Faith    +   (shield currently unavailable)
rNeg    . . .      Spirit   .   (body armour unavailable)
rPois   +          Reflect  .   (helmet currently unavailable)
rElec   .          Harm     .   (cloak currently unavailable)
rCorr   +          Rampage  .   (gloves currently unavailable)
Will    .....                   (boots currently unavailable)
Stlth   +.........              r - amulet of faith
HPRegen 0.30/turn               m - ring of resist corrosion
MPRegen 0.16/turn               J - ring of protection from fire

@: ice-form, hasted, very quick
A: freezing attack, boosted hp, AC +13, amphibious, large, unfitting armour,
(cold-blooded)
a: End Transformation, Renounce Religion, Channel Magic, Forget Spell, Divine
Exegesis


You were in an ice cave.
You worshipped Sif Muna.
Sif Muna was greatly pleased with you.
You were a creature of crystalline ice.
You visited 2 branches of the dungeon, and saw 11 of its levels.
You also visited: Bailey and Ice Cave.

You collected 559 gold pieces.

Inventory:

Hand Weapons
 e - a +0 broad axe
Missiles
 p - 3 datura-tipped darts
 s - a curare-tipped dart
 E - 3 throwing nets
 F - 34 poisoned darts
Armour
 c - a +0 pair of gloves (melded)
 f - a +1 pair of boots (melded)
Jewellery
 g - an amulet of the acrobat
 m - a ring of resist corrosion (left front paw)
 r - an amulet of faith (around neck)
 J - a ring of protection from fire (right front paw)
Wands
 k - a wand of roots (7)
 A - a wand of paralysis (2)
 I - a wand of flame (4)
Scrolls
 a - a scroll of poison
 b - 5 scrolls of fear
 d - a scroll of immolation {unknown}
 i - a scroll of teleportation {@r3}
 j - 2 scrolls of enchant armour
 q - a scroll of summoning
 t - 2 scrolls of magic mapping {@r5}
 v - a scroll of amnesia
 x - 2 scrolls of enchant weapon
 y - a scroll of blinking {unknown}
 C - 2 scrolls of noise {unknown}
 D - 3 scrolls of fog
 H - a scroll of identify {@r1}
Potions
 h - 7 potions of curing {@q1}
 l - 3 potions of degeneration
 n - a potion of ambrosia
 o - 2 potions of brilliance
 u - 2 potions of cancellation
 w - 3 potions of haste {@q4}
 z - 2 potions of invisibility {unknown}
 B - 2 potions of might {unknown}
 G - a potion of flight {unknown}
 K - a potion of attraction {unknown}
 L - a potion of resistance {@q5}


   Skills:
 - Level 8.0 Fighting
 - Level 4.0 Throwing
 - Level 6.0 Dodging
 - Level 10.4 Unarmed Combat
 + Level 4.8 Spellcasting
 - Level 10.4 Transmutations
 - Level 7.0 Ice Magic
 - Level 4.0 Evocations


You had 8 spell levels left.
You knew the following spells:

 Your Spells              Type           Power      Damage    Failure   Level
a - Ice Form              Ice/Tmut       33%        N/A       4%          4
b - Wereblood             Tmut           39%        N/A       1%          2
c - Beastly Appendage     Tmut           78%        N/A       1%          1
d - Ozocubu's Armour      Ice            27%        N/A       2%          3
e - Passwall              Tmut/Erth      17%        N/A       2%          2

Your spell library contained the following spells:

 Spells                   Type           Power      Damage    Failure   Level
 Sting                    Tmut/Pois      84%        1d7       1%          1
 Spider Form              Tmut/Pois      21%        N/A       4%          3
 Ensorcelled Hibernation  Hex/Ice        30%        N/A       5%          2
 Blade Hands              Tmut           19%        N/A       5%          5
 Foxfire                  Conj/Fire      16%        2x1d4     14%         1
 Magic Dart               Conj           16%        1d3       14%         1
 Searing Ray              Conj           8%         2d4       22%         2
 Dazzling Flash           Conj/Hex       8%         N/A       41%         3
 Mephitic Cloud           Conj/Pois/Air  4%         N/A       41%         3
 Swiftness                Air            4%         N/A       41%         3
 Irradiate                Conj/Tmut      10%        3d16      43%         5
 Metabolic Englaciation   Hex/Ice        7%         N/A       67%         5
 Anguish                  Hex/Necr       2%         N/A       82%         4
 Cause Fear               Hex            2%         N/A       82%         4
 Corpse Rot               Necr/Pois/Air  4%         N/A       82%         4
 Fulminant Prism          Conj/Hex       2%         3d6       82%         4
 Iskenderun's Mystic Bla  Conj/Tloc      4%         2d3       82%         4
 Olgreb's Toxic Radiance  Pois           4%         N/A       82%         4
 Dragon Form              Tmut           19%        N/A       86%         7
 Agony                    Necr           4%         N/A       99%         5
 Silence                  Hex/Air        2%         N/A       99%         5
 Simulacrum               Ice/Necr       7%         N/A       99%         6
 Spellforged Servitor     Conj/Summ      2%         N/A       100%        7
 Borgnjor's Revivificati  Necr           2%         N/A       100%        8
 Necromutation            Tmut/Necr      10%        N/A       100%        8
 Death's Door             Necr           2%         N/A       100%        9


Dungeon Overview and Level Annotations

Branches:
Dungeon (10/15) Zot: 25582  Temple (0/1) D:4            Lair (1/6) D:9 Zot: 5717
    Orc (0/2) D:10         Bailey (visited)           IceCv (1/1) Zot: 4283

Altars:
Dithmenos
Makhleb
Sif Muna
Yredelemnul

Shops:
D:1 (   D:6 :   D:8 *

Annotations:
Lair:1 exclusions: black mamba and komodo dragon


Innate Abilities, Weirdness & Mutations

You are a creature of crystalline ice.
You have a powerful freezing melee attack.
Your maximum health is increased.
Your armour is entirely melded.
You are incapable of wielding weapons or throwing items.
((Your dull iron-grey scales are very hard. (AC +13)))
You are amphibious.
You cannot fit into any form of body armour.
((You are cold-blooded and may be slowed by cold attacks.))


Message History

You warm up again.
Your +0 pair of gloves unmelds from your body.
Your +1 pair of boots unmelds from your body.
Your icy armour starts to melt.
Your icy armour evaporates.
There is a dry fountain here.
A reaper comes into view. It is wielding a +4 scythe of freezing.
Found five items.
Unknown command.
Unknown command.
Casting: Ozocubu's Armour (mildly dangerous; 2% risk of failure)
Confirm with . or Enter, or press ? or * to list all spells.
You turn into a creature of crystalline ice.
Your +0 pair of gloves melds into your body.
Your +1 pair of boots melds into your body.
The reaper hits you from afar with a +4 scythe of freezing.
The reaper hits you with a +4 scythe of freezing!!!
The reaper freezes you.
Casting: Ice Form (mildly dangerous; 4% risk of failure)
Confirm with . or Enter, or press ? or * to list all spells.
Your icy body feels more resilient.
The reaper hits you with a +4 scythe of freezing!!
* * * LOW HITPOINT WARNING * * *
The reaper freezes you.
* * * LOW HITPOINT WARNING * * *
Okay, then.
You feel yourself speed up.
The reaper hits you with a +4 scythe of freezing!!
* * * LOW HITPOINT WARNING * * *
The reaper freezes you.
* * * LOW HITPOINT WARNING * * *
Okay, then.
Okay, then.
Okay, then.
Your icy armour will break if you move.
Continue?
Okay, then.
Your icy armour will break if you move.
Continue?
Your icy armour cracks and falls away as you move.
The reaper hits you from afar with a +4 scythe of freezing!!!
You die...

### ####⌠####
#....Y..#
#.##'##.# #
#$2=#.#
#?⌠.#.#
#[.[#.##
.#####.8####
............#
####'######'#
+.......'.#.#


You could see a reaper.

Vanquished Creatures
  A hydra (Lair:1)
  2 vault guards (Bailey)
  Erica (D:9)
  A two-headed ogre (D:9)
  Pikel (D:7)
  Joseph (D:8)
  2 ice statues (IceCv)
  A cane toad (Lair:1)
  8 ice devils (IceCv)
  2 anaconda simulacra (IceCv)
  A merfolk (D:10)
  A troll (D:10)
  Grinder (D:6)
  3 wraiths (D:9)
  A shadow (D:9)
  4 dire elephant simulacra (IceCv)
  5 humans (Bailey)
  A wyvern (D:10)
  2 basilisks (Lair:1)
  3 vampire mosquitoes (D:10)
  2 harpy simulacra (IceCv)
  3 water moccasins
  3 hornet zombies (D:7)
  3 ice beasts
  A sky beast (D:8)
  8 orc warriors
  A black bear (D:8)
  4 ogres
  A wolf (Lair:1)
  4 centaurs
  A lemure (D:7)
  A phantom (D:6)
  Blork the orc (D:5)
  2 wyvern zombies (D:7)
  6 kobold brigands
  14 bullfrogs
  3 necrophages
  2 scorpions (D:5)
  7 wights
  7 killer bees
  2 centaur zombies (D:7)
  A hound (D:5)
  2 jellies
  3 orc priests
  3 gnoll boudas
  3 iguanas
  7 orc wizards
  A wolf simulacrum (IceCv)
  5 adders
  14 gnolls
  A naga simulacrum (IceCv)
  2 shadow imps
  3 ufetubi
  A worm (D:2)
  2 dart slugs
  32 orcs
  8 ball pythons
  4 endoplasms
  4 giant cockroaches
  A goblin (D:1)
  11 hobgoblins
  5 jackals
  3 quokkas
  5 bats
  5 frilled lizards
  19 kobolds
  5 rats
268 creatures vanquished.

Vanquished Creatures (collateral kills)
  Prince Ribbit (Bailey)
  An ogre (D:4)
2 creatures vanquished.

Vanquished Creatures (others)
  8 fungi
  12 plants
20 creatures vanquished.

Grand Total: 290 creatures vanquished

Notes
Turn   | Place    | Note
-------+----------+-------------------------------------------
     0 | D:1      | iguanaiguana the Draconian Transmuter began the quest for
                  | the Orb.
     0 | D:1      | Reached XP level 1. HP: 16/16 MP: 3/3
   323 | D:1      | Reached XP level 2. HP: 23/23 MP: 3/5
   383 | D:1      | Learned a level 2 spell: Wereblood
  1064 | D:1      | Found a faded altar of an unknown god.
  1247 | D:1      | Found Ceri's Antique Weapon Emporium.
  1268 | D:1      | Reached XP level 3. HP: 28/28 MP: 4/6
  1614 | D:2      | Found the +4 robe of Augmentation {Str+4 Int+4 Dex+4}
  2883 | D:3      | Found a shadowy altar of Dithmenos.
  2908 | D:3      | Found a shimmering blue altar of Sif Muna.
  2987 | D:3      | Became a worshipper of Sif Muna the Loreminder
  3414 | D:4      | Reached XP level 4. HP: 23/35 MP: 4/7
  3583 | D:4      | Found a staircase to the Ecumenical Temple.
  3586 | D:4      | Noticed an ogre
  3592 | D:4      | Killed an ogre
  3593 | D:4      | Reached XP level 5. HP: 37/41 MP: 8/8
  3682 | D:4      | Noticed an ice beast
  3696 | D:4      | Killed an ice beast
  3697 | D:4      | Reached skill level 5 in Unarmed Combat
  3697 | D:4      | Reached XP level 6. HP: 25/48 MP: 6/9
  4129 | D:4      | You fall into a shaft and drop 2 floors!
  4135 | D:6      | Found Dijish's Self-Improvement Boutique.
  4264 | D:6      | Noticed Grinder
  4276 | D:6      | Paralysed by Grinder for 4 turns
  4283 | D:6      | Killed Grinder
  4283 | D:6      | Reached * piety under Sif Muna
  4432 | D:6      | Your scales start taking on a dull iron-grey colour.
  4432 | D:6      | Reached XP level 7. HP: 54/55 MP: 6/10
  4548 | D:6      | Reached skill level 5 in Transmutations
  4722 | D:5      | Entered Level 5 of the Dungeon
  4728 | D:5      | Learned a level 4 spell: Ice Form
  5289 | D:5      | Reached ** piety under Sif Muna
  5290 | D:5      | Reached XP level 8. HP: 46/61 MP: 9/11
  5293 | D:5      | Got the Vellum of Injurious Charms
  5445 | D:5      | Reached skill level 5 in Ice Magic
  6016 | D:5      | Noticed Blork the orc
  6025 | D:5      | Killed Blork the orc
  7109 | D:7      | Reached XP level 9. HP: 63/71 MP: 8/12
  7979 | D:7      | Learned a level 3 spell: Ozocubu's Armour
  8100 | D:7      | Found a basalt altar of Yredelemnul.
  8514 | D:7      | Noticed Pikel
  8701 | D:7      | Killed Pikel
  8708 | D:7      | Reached *** piety under Sif Muna
  9263 | D:7      | Reached XP level 10. HP: 78/78 MP: 4/13
  9915 | D:8      | Noticed Joseph
  9918 | D:8      | Reached skill level 10 in Unarmed Combat
  9935 | D:8      | Killed Joseph
  9936 | D:8      | Reached skill level 5 in Fighting
  9965 | D:8      | Found a flagged portal.
 10191 | Bailey   | Entered a bailey
 10262 | Bailey   | Reached **** piety under Sif Muna
 10968 | Bailey   | Noticed a vault guard
 10979 | Bailey   | Killed a vault guard
 10980 | Bailey   | Reached skill level 5 in Dodging
 11018 | Bailey   | Noticed a vault guard
 11018 | Bailey   | Noticed Prince Ribbit
 11037 | Bailey   | Killed a vault guard
 11040 | Bailey   | Killed Prince Ribbit
 11041 | Bailey   | Reached skill level 1 in Evocations
 11041 | Bailey   | Reached XP level 11. HP: 94/94 MP: 10/14
 11674 | D:8      | Found Ajeod's Island Escapes.
 12244 | D:9      | Noticed a two-headed ogre
 12253 | D:9      | Killed a two-headed ogre
 12281 | D:9      | Reached skill level 1 in Throwing
 12439 | D:9      | Reached ***** piety under Sif Muna
 12537 | D:9      | Noticed Erica
 12583 | D:9      | Killed Erica
 12973 | D:9      | Found a staircase to the Lair.
 13322 | D:9      | Learned a level 2 spell: Passwall
 13370 | D:10     | Entered Level 10 of the Dungeon
 13863 | D:10     | Found a burning altar of Makhleb.
 14005 | D:10     | Found a staircase to the Orcish Mines.
 14798 | Lair:1   | Entered Level 1 of the Lair of Beasts
 14798 | Lair:1   | Noticed a six-headed hydra
 14808 | Lair:1   | Killed a six-headed hydra
 14987 | Lair:1   | Found a frozen archway.
 15085 | IceCv    | Entered an ice cave
 15326 | IceCv    | Reached skill level 10 in Transmutations
 15606 | IceCv    | Received a gift from Sif Muna
 15607 | IceCv    | Got Sif Muna's Secrets of the Altered Spider {god gift}
 16055 | IceCv    | Reached XP level 12. HP: 99/101 MP: 11/16
 16835 | IceCv    | Noticed a reaper
 16840 | IceCv    | Annihilated by a reaper

Illustrated notes

Levels and vault maps discovered:
D:1:      dpeg_arrival_round_c, layout_basic, serial_shops, shop,
          dreamdust_ecumenical_altar_angels_and_demons, minmay_close_crescents
D:2:      layout_basic
D:3:      layout_loops_ring, mainiacjoe_overflow_two_lobes, nicolae_hexahallways
D:4:      layout_basic, minmay_temple_entry_arrows
D:5:      layout_loops_cross, serial_rivers, chequers_serial_rivers_room_b,
          chequers_serial_rivers_small_3, chequers_serial_rivers_room_b,
          chequers_serial_rivers_room_a, chequers_serial_rivers_marsh,
          chequers_serial_rivers_large_a, minmay_misc_feat_rugged,
          uniq_blork_the_orc
D:6:      layout_gridville, hangedman_abyss_or_decor_stabs,
          nicolae_shop_self_help, uniq_grinder
D:7:      kennysheep_seaside_town, layout_loops_ring,
          nicolae_yredelemnul_corpse_copse, dk_noncrumbling_2, uniq_pikel
D:8:      layout_rooms, enter_bailey_2, st_stairs_7, nicolae_island_escapes,
          uniq_joseph
D:9:      layout_irregular_city, lair_entry_dummy, dk_vineyard_2, uniq_erica
D:10:     layout_stronghold, overflow_temple_1_default, orc_0_dummy,
          hangedman_fish_farm
Lair:1:   layout_misc_corridors, portal_ice_cave_entry_pillars_2,
          chequers_serial_rivers_micro_c
IceCv:    ice_cave_tombish

Skill      XL: |  1  2  3  4  5  6  7  8  9 10 11 12 |
---------------+-------------------------------------+-----
Transmutations | 3 4 6 8 10 | 10.4
Dodging        | 2 3 6 |  6.0
Fighting       | 2 4 8 |  8.0
Unarmed Combat | 4 5 6 9 10 | 10.4
Ice Magic      | 3 6 7 |  7.0
Evocations     | 1 4 |  4.0
Throwing       | 4 |  4.0
Spellcasting   | 3 4 |  4.8

Action                   |  1- 3 |  4- 6 |  7- 9 | 10-12 || total
-------------------------+-------+-------+-------+-------++-------
Melee: Unarmed           |   127 |    61 |   418 |   512 ||  1118
       Tailslap          |    10 |     4 |    60 |    47 ||   121
       Kick              |    26 |    11 |    93 |    46 ||   176
       Headbutt          |    17 |     7 |    58 |    38 ||   120
       Punch             |     2 |     1 |    16 |    18 ||    37
Throw: Dart              |       |     2 |       |     5 ||     7
 Cast: Beastly Appendage |    35 |     9 |    34 |    11 ||    89
       Wereblood         |     3 |     4 |    30 |    10 ||    47
       Ice Form          |       |       |     6 |    26 ||    32
       Ozocubu's Armour  |       |       |    10 |    44 ||    54
Evoke: Wand              |       |       |     1 |     5 ||     6
  Use: Scroll            |     8 |     5 |       |     7 ||    20
       Potion            |       |     2 |     2 |     7 ||    11
 Stab: Sleeping          |     1 |       |       |       ||     1
       Paralysed         |       |       |     1 |     5 ||     6
Armor: Skin              |    22 |    23 |   207 |   261 ||   513
Dodge: Dodged            |   107 |    30 |   218 |   280 ||   635

Table legend: (Time is in decaauts)
 A = Elapsed time spent in this place.
 B = Non-inter-level travel time spent in this place.
 C = Inter-level travel time spent in this place.
 D = Time resting spent in this place.
 E = Time spent auto-exploring this place.
 F = Levels seen in this place.
 G = Mean time per level.
                   A        B        C        D        E       F      G
               +--------+--------+--------+--------+--------+-----+--------+
         Total |  16715 |  15748 |    967 |   2535 |  10743 |  13 | 1285.8 |
       Dungeon |  13826 |  12900 |    926 |    885 |  10165 |  10 | 1382.6 |
          Lair |    282 |    241 |     41 |    172 |      0 |   1 |  282.0 |
        Bailey |    890 |    890 |      0 |    420 |    275 |   1 |  890.0 |
      Ice Cave |   1716 |   1716 |      0 |   1058 |    303 |   1 | 1716.0 |
               +--------+--------+--------+--------+--------+-----+--------+

Top non-repeatable levels by time:
     D:7: 2180 daAuts
     D:6: 1785 daAuts
   IceCv: 1716 daAuts
     D:1: 1610 daAuts
     D:9: 1475 daAuts
    D:10: 1384 daAuts
     D:5: 1351 daAuts
     D:3: 1241 daAuts
     D:8: 1140 daAuts
     D:4: 1034 daAuts
  Bailey: 890 daAuts
     D:2: 621 daAuts
  Lair:1: 282 daAuts
